Map: Triton LE

Players

Adi

  • Race: Protoss Protoss
  • League: Diamond
  • Spawn Location: 5:00

Mez - Winner!

  • Race: Terran Terran
  • League: Master
  • Spawn Location: 11:00

VOD

Have the link to the VOD?

Description

Time

  • Played on: Sept. 3, 2019, 12:45 a.m.
  • Length: 13:48
Show
View Real Time Build Order
Export as new Build Order

Adi Protoss 

Build Orders: 1 Gate Expand, Blink Stalkers, Colossus Rush 

Get SALT Encoding   

  12  0:01  Probe  
  13  0:13  Probe  
  14  0:19  Pylon  
  14  0:25  Probe  
  15  0:36  Probe  
  15  0:42  Gateway  
  16  0:44  Probe  
  16  0:45  Assimilator  
  17  0:52  Probe  
  18  1:03  Probe  
  19  1:15  Probe  
  20  1:29  Cybernetics Core  
  20  1:36  Nexus  
  20  1:39  Probe  
  21  1:44  Assimilator  
  21  1:52  Pylon, Probe  
  21  2:00  Probe, Adept  
  22  2:05  Warp Gate  
  23  2:10  Probe  
  26  2:23  Probe  
  26  2:29  Stalker  
  28  2:39  Probe  
  29  2:44  Probe  
  29  2:47  Twilight Council  
  30  2:51  Probe  
  30  2:52  Probe  
  30  2:54  Blink  
  32  2:59  Stalker  
  32  3:03  Probe  
  35  3:08  Gateway  
  35  3:15  Gateway  
  35  3:29  Robotics Facility  
  35  3:31  Probe  
  35  3:33  Probe  
  37  3:41  Assimilator  
  37  3:44  Pylon  
  37  3:45  Probe  
  37  3:47  Probe  
  39  3:57  Probe  
  39  3:59  Probe  
  41  4:06  Stalker x2  
  45  4:11  Stalker  
  45  4:12  Probe x2  
  49  4:18  Observer  
  49  4:23  Pylon  
  51  4:24  Probe  
  51  4:30  Probe  
  52  4:36  Probe  
  53  4:40  Observer  
  53  4:42  Probe  
  53  4:43  Stalker  
  53  4:44  Stalker x2  
  61  4:51  Charge  
  61  4:58  Robotics Bay  
  61  5:00  Pylon  
  61  5:01  Observer  
  61  5:05  Observer  
  61  5:08  Observer  
  61  5:18  Forge  
  61  5:22  Nexus  
  61  5:25  Pylon  
  61  5:37  Protoss Ground Armor Level 1  
  61  5:39  Probe x2  
  63  5:48  Assimilator  
  61  5:50  Pylon, Extended Thermal Lance  
  61  5:51  Colossus, Probe x2  
  69  6:03  Probe x2  
  71  6:06  Gateway  
  71  6:07  Observer, Gateway  
  71  6:09  Gateway  
  71  6:15  Probe  
  71  6:16  Probe  
  73  6:19  Observer  
  73  6:28  Probe x2  
  73  6:30  Stalker x2  
  73  6:31  Colossus  
  73  6:32  Sentry  
  81  6:34  Pylon  
  81  6:40  Probe  
  88  6:48  Pylon  
  88  6:57  Probe x3  
  91  7:03  Pylon  
  90  7:09  Probe x3  
  90  7:10  Colossus, Templar Archives  
  93  7:19  Zealot x2  
  93  7:20  Zealot x3  
  103  7:25  Stalker  
  103  7:29  Probe x3  
  114  7:30  Protoss Ground Weapons Level 1  
  114  7:32  Psionic Storm, Assimilator  
  114  7:36  Pylon  
  114  7:52  Zealot x2  
  114  7:56  Assimilator  
  118  7:59  Pylon  
  118  8:03  Warp Prism, Stalker x2  
  124  8:08  Stalker  
  124  8:09  Stalker  
  128  8:12  Zealot  
  128  8:19  High Templar  
  132  8:22  Probe x3  
  135  8:29  Pylon  
  135  8:30  Pylon  
  135  8:32  Pylon  
  133  8:36  Pylon  
  133  8:44  Photon Cannon  
  133  8:47  Photon Cannon  
  133  8:48  High Templar x3  
  139  8:49  Photon Cannon  
  139  8:52  Warp Prism  
  137  9:03  Zealot x2  
  137  9:04  Zealot  
  143  9:14  Nexus  
  143  9:16  Pylon  
  143  9:17  Pylon  
  143  9:20  Assimilator  
  143  9:21  Dark Shrine, Pylon  
  143  9:24  High Templar x2  
  147  9:25  Assimilator, Stalker  
  147  9:26  Stalker  
  147  9:28  Archon  
  151  9:37  Colossus  
  125  9:46  Stalker x2  
  125  9:49  Zealot x2  
  125  9:50  Archon  
  133  9:53  Protoss Ground Weapons Level 2  
  139  10:01  Probe x3  
  142  10:10  High Templar x2  
  142  10:13  Probe x2  
  142  10:14  Probe  
  149  10:17  Zealot x2  
  149  10:18  Zealot x2  
  157  10:26  Warp Prism  
  153  10:38  Dark Templar x4  
  161  10:47  Zealot x2  
  165  10:50  Probe x2  
  165  10:51  Probe x2  
  169  11:01  Stargate  
  169  11:02  Probe  
  169  11:03  Stargate, Probe  
  171  11:08  Protoss Air Weapons Level 1  
  169  11:16  Zealot x4  
  169  11:17  Zealot x2  
  179  11:23  Archon  
  154  11:26  Colossus  
  154  11:27  Gateway  
  119  11:37  High Templar x2  
  119  11:38  Zealot x3  
  119  11:39  Zealot  
  116  11:51  Gateway  
  116  11:53  Gateway  
  111  11:56  Pylon  
  111  11:58  Pylon  
  111  12:00  Pylon  
  97  12:03  Stalker x3  
  97  12:05  Zealot  
  97  12:06  Colossus  
  91  12:15  Nexus  
  91  12:16  Pylon  
  91  12:17  Assimilator x2  
  97  12:26  High Templar  
  97  12:27  High Templar  
  97  12:28  Zealot  
  97  12:29  Zealot x2  
  99  13:07  Stalker x3  
  105  13:18  Zealot x2  
  109  13:22  Zealot  
  109  13:27  Archon x2  
Show
View Real Time Build Order
Export as new Build Order

Mez Terran - Winner!

Build Orders: Reaper Expand 

Get SALT Encoding   

  12  0:00  SCV  
  13  0:13  SCV  
  14  0:18  Supply Depot  
  14  0:25  SCV  
  15  0:39  SCV  
  15  0:41  Barracks  
  16  0:44  Refinery  
  16  0:51  SCV  
  17  1:07  SCV  
  18  1:19  SCV  
  19  1:29  Reaper  
  19  1:31  Orbital Command  
  20  1:41  Command Center  
  20  1:47  Bunker  
  20  1:56  Supply Depot  
  20  1:59  SCV  
  21  2:01  Marine  
  22  2:11  SCV  
  23  2:20  Barracks Reactor  
  23  2:37  Command Center  
  23  2:38  SCV  
  23  2:41  Factory  
  24  2:50  SCV  
  25  2:52  Orbital Command  
  25  2:59  Marine x2  
  25  3:04  Refinery, SCV  
  28  3:16  SCV  
  29  3:20  Marine x2  
  29  3:21  SCV  
  34  3:27  Widow Mine  
  34  3:30  Starport  
  34  3:33  SCV x2  
  36  3:38  Marine x2  
  38  3:45  SCV x2  
  42  3:48  Widow Mine  
  42  3:50  Orbital Command  
  42  3:55  Refinery  
  42  3:57  SCV x2  
  42  4:01  Marine  
  42  4:02  Marine  
  46  4:09  SCV x2  
  48  4:10  Starport Tech Lab  
  48  4:11  Factory Tech Lab  
  48  4:19  Barracks  
  48  4:21  SCV x2  
  48  4:24  SCV  
  51  4:26  Marine x2  
  53  4:32  Raven  
  53  4:33  SCV  
  53  4:35  SCV  
  53  4:36  SCV  
  53  4:37  Siege Tank  
  61  4:50  Barracks  
  61  4:51  Supply Depot  
  61  4:52  Supply Depot  
  61  5:00  Refinery  
  61  5:08  SCV, Engineering Bay x2  
  61  5:12  SCV x2  
  63  5:17  Siege Tank  
  63  5:20  SCV  
  67  5:24  SCV x2  
  67  5:26  Starport Reactor  
  69  5:29  Marine x3  
  69  5:31  Stimpack  
  72  5:40  SCV x2  
  74  5:45  Supply Depot  
  74  5:46  Supply Depot, Terran Infantry Armor Level 1, Terran Infantry Weapons Level 1  
  74  5:47  Supply Depot  
  74  5:49  Barracks  
  74  5:51  Barracks  
  76  5:57  Marauder, Marine  
  76  6:01  Factory Reactor  
  77  6:06  SCV, Marine  
  77  6:09  Medivac x2  
  77  6:10  Orbital Command  
  83  6:38  Barracks Tech Lab, Marauder x2, Barracks Reactor  
  87  6:43  SCV x3  
  87  6:44  Medivac x2  
  94  6:54  Combat Shield, Supply Depot x2  
  94  7:04  Supply Depot  
  94  7:07  Marine  
  94  7:08  Marauder x3  
  101  7:09  Supply Depot  
  101  7:10  Supply Depot  
  101  7:15  Marine  
  101  7:16  Widow Mine x2, SCV x3  
  101  7:19  Supply Depot  
  101  7:21  Medivac x2  
  113  7:23  Armory  
  113  7:25  Marine  
  113  7:26  Ghost Academy  
  113  7:28  SCV x3  
  113  7:29  Refinery x2  
  117  7:35  Supply Depot x2  
  117  7:36  Supply Depot  
  117  7:40  SCV x3  
  117  7:43  Marauder x2  
  124  7:44  Widow Mine  
  124  7:45  Widow Mine, Marine x4  
  132  7:54  SCV x2  
  134  8:02  Marauder  
  134  8:03  SCV  
  134  8:05  Marauder, Enhanced Shockwaves  
  139  8:06  SCV  
  139  8:09  Supply Depot x2  
  139  8:10  Marauder, Marine x4  
  146  8:13  Medivac x2  
  146  8:17  SCV x2  
  152  8:22  Widow Mine x2, SCV  
  152  8:23  Marauder  
  152  8:25  Marine  
  160  8:29  SCV x2  
  161  8:40  Marauder, Marine x3  
  166  8:44  Marauder  
  166  8:47  Barracks  
  167  8:48  Barracks  
  167  8:49  Barracks  
  167  8:50  Starport  
  164  8:59  Marine x3  
  164  9:00  Marauder  
  164  9:01  Marauder  
  165  9:09  Command Center  
  167  9:10  Marauder, Marine  
  168  9:17  Marine  
  168  9:21  Marauder  
  168  9:23  Marauder  
  173  9:25  Terran Infantry Armor Level 2, Terran Infantry Weapons Level 2  
  173  9:28  Terran Ship Weapons Level 1  
  173  9:31  Viking  
  173  9:32  Viking  
  155  9:49  Barracks Tech Lab x2, Ghost  
  155  9:50  Barracks Tech Lab, Ghost x2  
  155  9:51  Marine x4  
  165  9:55  Viking  
  165  9:58  Viking  
  169  10:07  Supply Depot  
  169  10:08  Marine  
  169  10:09  Supply Depot  
  169  10:10  Viking x2  
  172  10:36  Viking  
  172  10:37  Viking  
  172  10:38  Marauder x3, Ghost x2, Marine x2  
  172  10:39  Marauder, Marine  
  191  10:42  Viking  
  193  10:53  Starport  
  193  10:56  Marine x2  
  194  11:07  Marine x3  
  194  11:08  Marine x2  
  194  11:09  Marauder  
  198  11:11  Concussive Shells  
  198  11:13  Personal Cloaking  
  152  11:29  Marine  
  152  11:30  Marauder x5, Marine  
  152  11:37  Marauder, Marine x2  
  144  11:46  Planetary Fortress  
  142  11:47  Marine x2  
  142  11:51  Marauder x3, Marine x2  
  151  12:04  Missile Turret  
  151  12:07  Missile Turret  
  151  12:12  Ghost, Marine  
  151  12:13  Marine  
  155  12:38  Command Center  
  155  12:50  Ghost  
  157  13:00  Marine  
  157  13:02  Marine  
Tags
 
Add a new tag
Caveats
  • Supply blocks, unpowered buildings, or Contaminate may cause inaccurate times.
  • Supply counts are checked every 10 seconds.